cohdb
Replays
Latest Replays
All Replays
Popular Replays
Top Player Replays
Match Explorer
How It Works
Community
CoH3 Stats
Reddit
Sign in to upload your games and track your stats! →
Sign in with Steam
Match 37739382
Unlisted
Match 37739382
Overview
Messages
Build Orders
End
Selects Air and Sea Battlegroup
Construct Section Command Post
Infantry Section
Dingo Light Scout Car
Infantry Section
Infantry Section
Infantry Section
Construct Platoon Command Post
Selects Commando Section Paradrop
Construct Platoon Command Post
Grenade Package
Unlock Bishop Self-propelled Artillery
Bishop Self-propelled Artillery
Infantry Training
Selects Commando Support Section Paradrop
Commando Section Paradrop
Selects Commando Support Section Paradrop
CMP 15cwt Truck
Construct Company Command Post
Matilda II Heavy Tank
Selects Anti-tank Rocket Loiter
Foot Guards Section
Matilda II Heavy Tank
SneaKerz
gb_gbg
I AM NOOB
bigridge69
0
0
Comments
sign in to comment!
No comments posted yet!